Map: 얼어붙은 사원

Players

llllllllllll - Winner!

  • Race: Terran Terran
  • League: Grandmaster

llllllllllll (Scarlett)

  • Race: Zerg Zerg
  • League: Grandmaster

VOD

Have the link to the VOD?

Description

Time

  • Played on: April 14, 2016, 6:45 a.m.
  • Length: 7:18
Show
View Real Time Build Order
Export as new Build Order

llllllllllll Terran - Winner!

Build Orders: Reaper Expand, MMM Bio 

Get SALT Encoding   

  12  0:00  SCV  
  13  0:12  SCV  
  14  0:17  Supply Depot  
  14  0:24  SCV  
  15  0:39  SCV  
  15  0:40  Barracks  
  16  0:43  Refinery  
  16  0:51  SCV  
  17  1:03  SCV  
  18  1:15  SCV  
  19  1:27  Orbital Command, Reaper  
  20  1:39  Command Center  
  20  1:50  Supply Depot  
  20  1:53  SCV  
  21  1:59  Barracks Reactor  
  21  2:06  SCV  
  22  2:18  SCV  
  22  2:22  Factory  
  23  2:30  SCV  
  24  2:37  Marine x2  
  24  2:40  Command Center  
  24  2:42  SCV  
  27  2:52  Command Center  
  27  2:55  Marine x2  
  29  2:58  SCV  
  29  3:01  Refinery  
  29  3:11  SCV  
  30  3:23  Barracks Tech Lab, SCV  
  31  3:40  Barracks x2  
  31  3:45  Stimpack  
  31  3:51  Marine, Orbital Command, SCV  
  31  3:52  Hellion x2  
  37  4:03  SCV  
  37  4:04  Orbital Command  
  38  4:10  Marine  
  38  4:14  Hellion  
  38  4:15  SCV  
  38  4:16  Orbital Command  
  42  4:22  Orbital Command  
  42  4:28  SCV  
  42  4:29  Supply Depot  
  42  4:31  Barracks Reactor  
  43  4:34  Marine  
  44  4:40  SCV  
  44  4:44  Factory Reactor, SCV  
  44  4:45  Engineering Bay x2  
  46  4:50  SCV  
  46  4:52  Marine x3, SCV  
  50  4:56  SCV  
  52  5:00  Starport  
  52  5:02  SCV  
  52  5:04  SCV  
  54  5:08  SCV, Supply Depot  
  54  5:14  Terran Infantry Armor Level 1, Terran Infantry Weapons Level 1, SCV  
  56  5:18  SCV  
  56  5:20  SCV  
  58  5:26  Marine x4  
  58  5:27  Marine, SCV  
  64  5:30  SCV  
  64  5:32  Supply Depot x2  
  65  5:36  SCV  
  65  5:39  SCV  
  65  5:42  SCV  
  68  5:45  Medivac x2  
  68  5:46  Marine x3, Combat Shields  
  68  5:47  Marine  
  76  5:50  Marine  
  76  5:53  SCV x2  
  79  6:00  Missile Turret  
  79  6:01  Missile Turret  
  79  6:04  Marine x3  
  75  6:09  Marine x2  
  75  6:11  SCV x2  
  81  6:21  Marine  
  81  6:22  Marine x2  
  81  6:23  SCV  
  81  6:24  SCV  
  82  6:26  Missile Turret  
  82  6:27  Marine  
  82  6:30  Armory  
  82  6:32  Refinery  
  83  6:33  Refinery  
  83  6:34  Marine  
  83  6:35  Supply Depot  
  83  6:36  Supply Depot  
  83  6:39  Marine  
  84  6:46  Marine x3  
  87  6:49  SCV x2  
  87  6:50  SCV  
  87  6:52  Marine  
  90  6:57  Marine, Supply Depot x2  
  95  7:01  SCV  
  95  7:02  SCV x2  
  95  7:05  Barracks  
  95  7:06  Barracks  
Show
View Real Time Build Order
Export as new Build Order

llllllllllll Zerg 

Build Orders: Pool First 

Get SALT Encoding   

  12  0:00  Drone  
  13  0:08  Drone  
  13  0:13  Extractor  
  13  0:19  Drone  
  14  0:31  Spawning Pool  
  13  0:37  Drone  
  14  0:44  Overlord  
  14  0:51  Extractor  
  14  0:53  Drone  
  15  1:03  Drone x2  
  17  1:18  Metabolic Boost  
  17  1:22  Queen  
  17  1:25  Zergling x2  
  20  1:28  Zergling x2  
  21  1:35  Drone  
  22  1:52  Hatchery  
  21  1:57  Overlord  
  21  2:08  Drone  
  21  2:15  Queen  
  24  2:20  Zergling x4  
  26  2:34  Zergling x2  
  26  2:35  Zergling x6  
  30  2:49  Overlord  
  30  2:57  Lair  
  30  3:01  Extractor  
  30  3:05  Drone x3  
  31  3:23  Drone x2  
  31  3:24  Drone  
  33  3:29  Drone x3  
  36  3:38  Drone x4  
  36  3:40  Drone x2  
  42  3:56  Spire  
  42  3:58  Drone  
  42  4:00  Drone  
  43  4:08  Overlord, Drone  
  44  4:22  Overlord, Extractor  
  43  4:25  Drone  
  43  4:26  Drone x4  
  43  4:27  Drone  
  49  4:37  Drone  
  49  4:38  Queen  
  50  4:39  Extractor  
  50  4:42  Overlord x2  
  50  4:54  Zergling x6  
  53  5:03  Drone x2  
  55  5:07  Mutalisk  
  55  5:08  Mutalisk x3  
  55  5:13  Mutalisk  
  63  5:21  Mutalisk  
  65  5:23  Zergling x10  
  72  5:31  Mutalisk  
  74  5:39  Hatchery  
  74  5:42  Mutalisk  
  73  5:44  Overlord  
  73  5:48  Overlord  
  75  6:06  Mutalisk x3  
  78  6:13  Zergling x12  
  84  6:24  Mutalisk  
  76  6:26  Zergling x8  
  80  6:34  Mutalisk  
  82  6:40  Zergling x2  
  79  7:03  Baneling Nest  
Tags
 
Add a new tag
Caveats
  • Supply blocks, unpowered buildings, or Contaminate may cause inaccurate times.
  • Supply counts are checked every 10 seconds.